 Dungeon Crawl Stone Soup version 0.19-a0-1834-g6b7851e (webtiles) character file.

13452 Lochraine the Fighter (level 12, 0/87 HPs)
             Began as a Merfolk Ice Elementalist on Oct 8, 2016.
             Was a High Priest of Hepliaklqana.
             Slain by a catoblepas (1 damage)
             ... on level 4 of the Lair of Beasts.
             The game lasted 01:04:27 (12469 turns).

Lochraine the Fighter (Merfolk Ice Elementalist)   Turns: 12469, Time: 01:04:27

Health: 0/87       AC:  8    Str: 10    XL:     12   Next: 6%
Magic:  2/31       EV:  2    Int: 23    God:    Hepliaklqana [*****.]
Gold:   751        SH:  0    Dex: 15    Spells: 8 memorised, 2 levels left

rFire  . . .     SeeInvis .     m - +3 whip (drain)
rCold  . . .     Gourm    +     J - +2 robe {rN+}
rNeg   + + +     Faith    .     (no shield)
rPois  ∞         Spirit   .     V - +0 helmet
rElec  .         Dismiss  .     A - +2 cloak
rCorr  .         Reflect  .     (no gloves)
MR     .....     Harm     .     (no boots)
Stlth  ++........               n - amulet of the gourmand
                                z - ring of magical power
                                R - +6 ring of intelligence

@: petrified
A: change form in water, swift swim, stealthy swim, reduced essence
a: Recall Ancestor, Ancestor Identity, Transference, Idealise, Renounce Religion


You were on level 4 of the Lair of Beasts.
You worshipped Hepliaklqana.
Hepliaklqana was extremely pleased with you.
You were full.

You visited 2 branches of the dungeon, and saw 12 of its levels.

You collected 751 gold pieces.

Inventory:

Hand Weapons
 m - a +3 whip of draining (weapon)
 I - the +7 hand axe of the Grave {freeze, +Blink}
   (You found it on level 6 of the Dungeon)

   It has been specially enchanted to freeze those struck by it, causing extra
   injury to most foes and up to half again as much damage against particularly
   susceptible opponents.
   It can also slow down cold-blooded creatures.
   It lets you blink.
Missiles
 j - 55 arrows
 u - 9 javelins (quivered)
Armour
 A - a +2 cloak (worn)
 J - a +2 robe of positive energy (worn)
 L - a +0 ice dragon armour
 V - a +0 helmet (worn)
Magical Staves
 a - an uncursed staff of conjuration
Jewellery
 n - an amulet of the gourmand (around neck)
 z - a ring of magical power (right hand)
 N - an uncursed ring of see invisible
 R - a +6 ring of intelligence (left hand)
 Y - an uncursed ring of protection from fire
Wands
 w - a wand of paralysis (8/24)
 T - a wand of polymorph (10/24)
 W - a wand of teleportation (1/9)
Scrolls
 e - 5 scrolls of remove curse
 i - 3 scrolls of magic mapping
 p - a scroll of immolation
 q - a scroll of amnesia
 s - a scroll of identify
 v - a scroll of recharging
 y - 2 scrolls of blinking
 E - 2 scrolls of fog
 K - 3 scrolls of fear
 M - 2 scrolls of acquirement
Potions
 d - a potion of mutation {unknown}
 f - 4 potions of curing
 h - 3 potions of flight
 k - a potion of cancellation {unknown}
 l - 2 potions of brilliance {unknown}
 o - a potion of degeneration {unknown}
 r - a potion of haste {unknown}
 B - a potion of invisibility {unknown}
 C - 4 potions of heal wounds {unknown}
 D - 2 potions of magic {unknown}
 F - a potion of berserk rage {unknown}
 Q - a potion of lignification {unknown}
 U - 2 potions of cure mutation
Books
 b - a book of Misfortune

   Spells                             Type                      Level
   a - Confusing Touch                Hexes                        1
   b - Confuse                        Hexes                        3
   c - Gell's Gravitas                Hexes/Translocation          3
   d - Petrify                        Transmutation/Earth          4
   e - Metabolic Englaciation         Hexes/Ice                    5
   f - Yara's Violent Unravelling     Hexes/Transmutation          5
 H - a book of Changes

   Spells                             Type                      Level
   a - Beastly Appendage              Transmutation                1
   b - Sticks to Snakes               Transmutation                2
   c - Spider Form                    Transmutation/Poison         3
   d - Ice Form                       Ice/Transmutation            4
   e - Blade Hands                    Transmutation                5
 Z - a book of Battle

   Spells                             Type                      Level
   a - Infusion                       Charms                       1
   b - Shroud of Golubria             Charms/Translocation         2
   c - Song of Slaying                Charms                       2
   d - Spectral Weapon                Hexes/Charms                 3
   e - Regeneration                   Charms/Necromancy            3
Comestibles
 c - 2 bread rations
 g - 8 beef jerkies
 x - 8 meat rations
 G - 17 fruits
 P - a slice of pizza
 S - 10 royal jellies


   Skills:
 - Level 10.0 Fighting
 - Level 10.0 Dodging
 - Level 2.1 Stealth
 + Level 7.2 Spellcasting
 - Level 0.7 Conjurations
 - Level 5.1 Charms
 - Level 4.7 Summonings
 - Level 2.0 Necromancy
 - Level 6.0 Transmutations
 - Level 9.1 Ice Magic
 - Level 2.1 Invocations
 - Level 5.2 Evocations


You had 2 spell levels left.
You knew the following spells:

 Your Spells              Type           Power        Failure   Level  Hunger
a - Freeze                Ice            ####         1%          1    None
b - Ozocubu's Armour      Chrm/Ice       #####...     1%          3    None
c - Throw Frost           Conj/Ice       ####..       1%          2    None
d - Sticks to Snakes      Tmut           #####...     1%          2    None
e - Ice Form              Ice/Tmut       #####...     4%          4    ###....
f - Summon Ice Beast      Ice/Summ       #####...     6%          4    ###....
g - Throw Icicle          Conj/Ice       ####....     12%         4    ###....
h - Regeneration          Chrm/Necr      ###.......   8%          3    None


Dungeon Overview and Level Annotations

Branches:
Dungeon (8/15)             Temple (0/1) D:6            Lair (4/6) D:8
 Spider (0/4) Lair:3
  Swamp: Lair:2-4    Shoals: Lair:2-4

Altars:
Ashenzari
Dithmenos
Fedhas
Hepliaklqana
Kikubaaqudgha
Nemelex Xobeh
Okawaru
Qazlal
Ru
Trog
Yredelemnul
The Shining One


Message History

The yak gores your ice beast! The yak gores your ice beast.
Your ice beast hits the yak.
Your ice beast freezes the yak!
The yak dies!
The catoblepas gores you!!
* * * LOW HITPOINT WARNING * * *
The yak gores your ice beast.
Your ice beast dies!
The catoblepas gores you!
* * * LOW HITPOINT WARNING * * *
The yak bellows!
Edmée emerges from the mists of memory!
The catoblepas breathes a plume of calcifying dust at you.
The blast of calcifying dust hits you!
* * * LOW HITPOINT WARNING * * *
The blast of calcifying dust hits Edmée.
You are engulfed in calcifying dust.
Your adder is no longer petrified.
Your adder bites the catoblepas.
The yak barely misses your adder. The yak gores your adder.
The catoblepas gores you.
You die...

###### ##.+..# #....#
#.....##### ....P#
###.....+....
.....#####.......#..#
.......##.#.......##
.....§§§.§.#.......#
..SYYY..##.+......##
....Y######...YY..#
##..## ##..YS@## #.##
####.#R# ### #####


You could see the friendly Edmée the battlemage, a catoblepas, 2 yaks and a
friendly adder.

Vanquished Creatures
  A hydra (Lair:1)
  The ghost of varam the Covert, a novice OpAs (D:5)
  Joseph (D:8)
  A black mamba (Lair:1)
  2 spiny frogs
  2 blink frogs (Lair:2)
  2 yaks
  Sigmund (D:5)
  A vampire mosquito (Lair:4)
  The ghost of Miyamura the Insei, an amateur OpTm (D:4)
  2 water moccasins (Lair:2)
  A porcupine (Lair:3)
  An ice beast (D:5)
  A sky beast (D:7)
  An ogre (D:5)
  A wolf (D:8)
  2 centaurs (D:8)
  A crocodile (Lair:3)
  3 bullfrogs (D:8)
  A scorpion (D:7)
  4 wights
  2 howler monkeys (D:7)
  4 crimson imps
  An orc priest (D:5)
  A centaur skeleton (D:5)
  A jelly (D:8)
  2 hounds
  A gnoll shaman (D:5)
  An iguana (D:6)
  4 worker ants
  A mummy (D:8)
  3 gnolls
  A howler monkey skeleton (D:8)
  7 adders
  A shadow imp (D:8)
  An ooze (D:3)
  2 worms
  7 leopard geckos
  19 orcs
  5 bats
  4 giant cockroaches
  6 goblins
  7 hobgoblins
  21 jackals
  4 quokkas
  3 ball pythons
  3 frilled lizards
  7 kobolds
  8 rats
  A spectral orc (D:5)
159 creatures vanquished.

Vanquished Creatures (collateral kills)
  A death yak (Lair:1)
  Maurice (D:8)
  A spiny frog (Lair:1)
  2 komodo dragons
  3 rime drakes
  2 ice devils (Lair:1)
  A troll (D:8)
  A hornet (D:8)
  Grinder (D:5)
  2 two-headed ogres
  15 blink frogs
  A hippogriff (D:7)
  11 yaks
  A vampire mosquito (Lair:4)
  Grum (D:8)
  A porcupine (Lair:3)
  2 soldier ants (D:8)
  2 water moccasins
  2 crocodiles
  6 wolves
  2 bullfrogs
  A scorpion (D:8)
  A howler monkey (D:7)
  A crimson imp (D:5)
  A hound (D:7)
  An orc priest (D:8)
  3 orc wizards
  An iguana (D:6)
  A worker ant (D:6)
  A worker ant zombie (D:8)
  A gnoll (D:5)
  2 adders
  An adder zombie (D:7)
  5 orcs
  A quokka (D:8)
  A jackal zombie (D:7)
  A fungus (Lair:2)
82 creatures vanquished.

Vanquished Creatures (others)
  9 battlemagi
  2 ancestors
  A fungus (Lair:4)
  2 plants (Lair:4)
14 creatures vanquished.

Grand Total: 255 creatures vanquished

Notes
Turn   | Place    | Note
-------+----------+-------------------------------------------
     0 | D:1      | Lochraine the Merfolk Ice Elementalist began the quest for the Orb.
     0 | D:1      | Reached XP level 1. HP: 13/13 MP: 3/3
   147 | D:1      | Reached XP level 2. HP: 3/19 MP: 0/5
   987 | D:2      | Reached XP level 3. HP: 24/24 MP: 6/6
  1294 | D:2      | Learned a level 3 spell: Ozocubu's Armour
  1331 | D:2      | Reached skill level 5 in Ice Magic
  1846 | D:3      | Reached skill level 1 in Charms
  1849 | D:3      | Reached XP level 4. HP: 29/30 MP: 7/7
  2487 | D:4      | Found a hazy altar of Hepliaklqana.
  2611 | D:4      | Found a shadowy altar of Dithmenos.
  2797 | D:4      | Found a sparkling altar of Nemelex Xobeh.
  2814 | D:4      | Reached XP level 5. HP: 32/35 MP: 8/8
  3020 | D:4      | Found an iron altar of Okawaru.
  3182 | D:4      | Noticed Miyamura's ghost (amateur OpTm)
  3213 | D:4      | Killed Miyamura's ghost
  3213 | D:4      | Reached XP level 6. HP: 34/41 MP: 9/11
  3387 | D:4      | Found a sacrificial altar of Ru.
  3387 | D:4      | Found a stormy altar of Qazlal.
  3427 | D:4      | Became a worshipper of Hepliaklqana the Forgotten
  3454 | D:5      | Entered Level 5 of the Dungeon
  3596 | D:5      | Found an ancient bone altar of Kikubaaqudgha.
  3652 | D:5      | Noticed Sigmund
  3663 | D:5      | Killed Sigmund
  3663 | D:5      | Reached skill level 5 in Dodging
  3689 | D:5      | Learned a level 2 spell: Throw Frost
  3698 | D:5      | Noticed varam's ghost (novice OpAs)
  3722 | D:5      | Killed varam's ghost
  3722 | D:5      | Reached XP level 7. HP: 36/41 MP: 12/12
  3896 | D:5      | Reached XP level 8. HP: 46/46 MP: 13/13
  3938 | D:5      | Reached * piety under Hepliaklqana
  4165 | D:5      | Found a basalt altar of Yredelemnul.
  4343 | D:5      | Noticed Grinder
  4369 | D:5      | Paralysed by Grinder for 7 turns
  4377 | D:5      | Killed Grinder
  4714 | D:5      | Found a bloodstained altar of Trog.
  4756 | D:5      | Reached skill level 1 in Fighting
  4875 | D:6      | Found a shattered altar of Ashenzari.
  4876 | D:6      | Got an ivory hand axe
  5185 | D:5      | Identified the +7 hand axe of the Grave {freeze, +Blink} (You found it on level 6 of the Dungeon)
  5193 | D:6      | Reached skill level 1 in Evocations
  5223 | D:6      | Reached XP level 9. HP: 58/58 MP: 14/14
  5402 | D:6      | Found a staircase to the Ecumenical Temple.
  5655 | D:7      | Reached ** piety under Hepliaklqana
  5656 | D:7      | Remembered your ancestor Edmée as a battlemage
  5906 | D:7      | Found a blossoming altar of Fedhas.
  5910 | D:7      | Identified 3 scrolls of acquirement
  5917 | D:7      | Learned a level 2 spell: Sticks to Snakes
  6417 | D:7      | Reached *** piety under Hepliaklqana
  6684 | D:7      | Reached skill level 5 in Evocations
  6846 | D:8      | Noticed Grum
  6932 | D:8      | Noticed a two-headed ogre
  6938 | D:8      | Learned a level 4 spell: Ice Form
  6943 | D:7      | Killed a two-headed ogre
  6943 | D:7      | Reached skill level 5 in Transmutations
  6980 | D:8      | Noticed Maurice
  7006 | D:8      | Killed Maurice
  7006 | D:8      | Reached skill level 5 in Fighting
  7025 | D:8      | Reached XP level 10. HP: 33/68 MP: 7/15
  7245 | D:8      | Found a glowing golden altar of the Shining One.
  7593 | D:8      | Noticed Joseph
  7619 | D:8      | Killed Joseph
  7742 | D:8      | Found a staircase to the Lair.
  8215 | D:8      | Killed Grum
  8215 | D:8      | Reached skill level 5 in Spellcasting
  8321 | Lair:1   | Entered Level 1 of the Lair of Beasts
  8324 | Lair:1   | Reached **** piety under Hepliaklqana
  8384 | Lair:1   | Found a frozen archway.
  8474 | Lair:1   | Learned a level 4 spell: Summon Ice Beast
  8757 | Lair:1   | Noticed a spiny frog
  8765 | Lair:1   | HP: 3/68 [spiny frog (21)]
  8768 | Lair:1   | Killed a spiny frog
  8903 | Lair:1   | Noticed a black mamba
  8911 | Lair:1   | Killed a black mamba
  9432 | Lair:1   | Reached XP level 11. HP: 65/74 MP: 10/19
  9796 | Lair:1   | Noticed a five-headed hydra
  9799 | Lair:1   | Noticed a death yak
  9806 | Lair:1   | Killed a five-headed hydra
  9830 | Lair:1   | Killed a death yak
  9988 | Lair:1   | Learned a level 4 spell: Throw Icicle
 10074 | Lair:2   | Reached ***** piety under Hepliaklqana
 10809 | Lair:2   | Reached skill level 10 in Fighting
 11331 | Lair:3   | Reached skill level 5 in Charms
 11436 | Lair:3   | Found a hole to the Spider Nest.
 11549 | Lair:3   | Learned a level 3 spell: Regeneration
 11750 | Lair:3   | Reached skill level 1 in Necromancy
 12206 | Lair:4   | Noticed a catoblepas
 12313 | Lair:4   | Reached XP level 12. HP: 48/87 MP: 17/22
 12398 | Lair:4   | Reached skill level 10 in Dodging
 12467 | Lair:4   | HP: 4/87 [catoblepas (8)]
 12468 | Lair:4   | HP: 1/87 [catoblepas/blast of calcifying dust (4)]
 12469 | Lair:4   | Slain by a catoblepas

Vault maps used:
D:1:      lemuel_arrival_river_ford
D:2:      first_bread, minmay_bisected
D:3:      kennysheep_big_flooded_room, amethyst_killhole
D:4:      marbit_many_paths, lemuel_doored_altar,
          nicolae_dithmenos_shadow_blocks, gammafunk_temple_overflow_wave,
          hex_tiny, serial_bayou_pond_a, nemelex_lonely_heart_becter
D:5:      overflow_temple_1_default, yredelemnul_forgotten_temple_becter,
          nicolae_overflow_hidden_temple, uniq_sigmund, uniq_grinder
D:6:      ashenzari_conservatory_becter
D:7:      fedhas_altar_3
D:8:      old_standard_altar, lair_0_dummy, serial_glass, glass_columns_b,
          glass_columns_b, gup_ossuary_entry_pyramid, hangedman_pestilent_swarm,
          hangedman_decor_opposing, st_stairs_6, uniq_joseph, uniq_maurice,
          uniq_grum
Lair:1:   portal_ice_cave_demonic_guard, minivault_24, st_stairs_4,
          lemuel_fruit_tree
Lair:2:   grunt_megastairs_4, infiniplex_staircase_pool
Lair:3:   spider_nest_entry_a
Lair:4:   minmay_swamp_entry_swarm

Skill      XL: |  1  2  3  4  5  6  7  8  9 10 11 12 |
---------------+-------------------------------------+-----
Ice Magic      | 4 5 7 9 |  9.1
Charms         | 1 3 5 |  5.1
Spellcasting   | 3 5 7 |  7.2
Dodging        | 8 9 10 | 10.0
Fighting       | 4 6 10 | 10.0
Evocations     | 1 5 |  5.2
Transmutations | 6 |  6.0
Invocations    | 2 |  2.1
Summonings     | 4 |  4.7
Necromancy     | 2 |  2.0
Stealth        | |  2.1
Conjurations   | |  0.7

Action                   |  1- 3 |  4- 6 |  7- 9 | 10-12 || total
-------------------------+-------+-------+-------+-------++-------
Melee: Dagger            |    39 |       |       |       ||    39
       Whip              |    91 |   125 |   171 |    13 ||   400
       Mace              |     2 |       |       |       ||     2
       Hand axe          |       |       |    76 |   166 ||   242
       Unarmed           |       |       |    33 |    18 ||    51
Throw: Javelin           |       |       |     4 |       ||     4
 Cast: Freeze            |     8 |    17 |    20 |     9 ||    54
       Ozocubu's Armour  |       |     3 |    10 |    14 ||    27
       Throw Frost       |       |       |    15 |    28 ||    43
       Ice Form          |       |       |     1 |     3 ||     4
       Summon Ice Beast  |       |       |       |    31 ||    31
       Sticks to Snakes  |       |       |       |    15 ||    15
       Throw Icicle      |       |       |       |    10 ||    10
       Regeneration      |       |       |       |     1 ||     1
Invok: Ancestor Identity |       |     1 |       |       ||     1
       Recall Ancestor   |       |       |     1 |       ||     1
       Ancestor Life: Ba |       |       |     1 |       ||     1
 Abil: Evoke Blink       |       |       |       |     1 ||     1
  Use: Scroll            |       |     3 |     8 |     7 ||    18
       Potion            |       |       |     2 |     2 ||     4
 Stab: Sleeping          |     1 |     4 |     3 |     2 ||    10
       Distracted        |       |       |     2 |     4 ||     6
       Petrified         |       |       |       |     3 ||     3
  Eat: Chunk             |     3 |     6 |    23 |    21 ||    53
       Fruit             |       |     1 |       |       ||     1
Armor: Robe              |     4 |     2 |    71 |    43 ||   120
       Scale mail        |    36 |       |       |       ||    36
       Leather armour    |     5 |    57 |       |       ||    62
       Skin              |       |       |     1 |     4 ||     5
       Ice dragon armour |       |       |       |     2 ||     2
Dodge: Dodged            |    74 |    95 |   296 |   195 ||   660
